Map: Ruby Rock LE

Players

Serral - Winner!

  • Race: Zerg Zerg
  • League: Grandmaster
  • Spawn Location: 11:00

LiquidMaNa (MaNa)

  • Race: Protoss Protoss
  • League: Grandmaster
  • Spawn Location: 5:00

VOD

Have the link to the VOD?

Description

Time

  • Played on: Jan. 30, 2026, 3:07 p.m.
  • Length: 19:24
Show
View Real Time Build Order
Export as new Build Order

Serral Zerg - Winner!

Build Orders: Hatch First, Ravager All-In 

Get SALT Encoding   

  12  0:00  Drone  
  13  0:08  Drone  
  14  0:14  Extractor, Drone  
  15  0:22  Overlord  
  15  0:41  Drone  
  16  0:45  Hatchery  
  16  0:49  Drone  
  16  0:52  Drone  
  16  0:56  Drone  
  18  1:13  Drone  
  18  1:14  Spawning Pool  
  18  1:15  Extractor  
  17  1:19  Drone  
  18  1:26  Drone  
  19  1:37  Drone  
  20  1:51  Overlord  
  20  1:59  Drone  
  20  2:00  Extractor  
  21  2:04  Queen  
  21  2:05  Hatchery  
  22  2:12  Roach Warren  
  22  2:15  Drone  
  22  2:22  Overlord  
  22  2:40  Queen  
  24  2:52  Roach x2  
  24  2:54  Roach  
  30  3:02  Overlord  
  30  3:11  Ravager  
  30  3:12  Ravager  
  32  3:16  Queen  
  34  3:20  Ravager  
  34  3:23  Roach  
  37  3:32  Roach  
  39  3:37  Zergling x4  
  39  3:41  Roach  
  43  3:46  Ravager  
  44  3:52  Ravager  
  44  3:57  Overlord  
  44  4:00  Roach  
  45  4:23  Roach  
  45  4:24  Roach  
  49  4:25  Ravager  
  49  4:26  Ravager  
  46  4:31  Queen  
  46  4:34  Roach  
  43  4:47  Roach  
  43  4:52  Ravager  
  40  4:58  Roach  
  42  5:07  Queen  
  42  5:10  Roach  
  42  5:12  Ravager  
  47  5:18  Roach  
  44  5:27  Ravager  
  44  5:28  Roach  
  47  5:35  Roach  
  44  5:46  Roach  
  44  5:49  Queen  
  43  5:55  Ravager  
  44  6:03  Roach  
  46  6:07  Ravager  
  47  6:13  Roach  
  47  6:24  Roach  
  46  6:29  Ravager  
  46  6:31  Queen  
  46  6:35  Roach  
  46  6:40  Zergling x2  
  44  6:49  Ravager  
  44  6:52  Zergling x2  
  44  6:59  Roach  
  46  7:03  Ravager  
  47  7:10  Queen  
  47  7:12  Roach  
  50  7:20  Roach  
  52  7:32  Zergling x2  
  52  7:33  Overlord  
  52  7:35  Overlord  
  53  7:42  Ravager  
  50  7:52  Roach x3  
  50  7:58  Ravager  
  55  8:00  Roach  
  56  8:16  Roach  
  60  8:28  Ravager  
  60  8:31  Roach, Zergling x2  
  64  8:38  Zergling x2  
  60  9:00  Hatchery  
  56  9:06  Drone  
  49  9:10  Drone  
  50  9:17  Lair  
  50  9:21  Drone  
  51  9:32  Drone  
  52  9:43  Drone x3  
  55  9:46  Drone  
  55  9:51  Metabolic Boost  
  56  9:56  Drone  
  57  10:10  Evolution Chamber  
  57  10:11  Drone x3  
  59  10:19  Drone x3  
  63  10:25  Overlord  
  63  10:34  Hatchery  
  62  10:39  Spore Crawler  
  62  10:42  Drone x2  
  63  10:44  Drone  
  63  10:48  Drone  
  63  10:52  Drone  
  65  10:57  Zergling x2  
  65  10:59  Drone  
  65  11:00  Drone  
  65  11:02  Drone  
  68  11:06  Drone  
  68  11:07  Drone  
  70  11:12  Evolution Chamber  
  70  11:15  Overlord  
  69  11:20  Drone x2  
  69  11:23  Drone  
  72  11:26  Spore Crawler  
  72  11:28  Drone  
  72  11:33  Drone x2  
  72  11:35  Drone  
  72  11:39  Zerg Melee Weapons Level 1  
  75  11:41  Drone  
  75  11:46  Drone x2  
  78  11:49  Overseer  
  78  11:51  Drone x2  
  80  11:55  Drone  
  80  11:56  Drone  
  80  11:58  Drone  
  83  12:02  Drone x2  
  83  12:06  Drone x3  
  88  12:11  Overlord  
  88  12:14  Drone x3  
  89  12:18  Overlord  
  90  12:25  Hatchery  
  90  12:27  Overlord  
  87  12:32  Zergling x2, Extractor  
  87  12:33  Infestation Pit, Zergling x2  
  87  12:36  Ravager x3  
  90  12:41  Zergling x10  
  95  12:48  Zergling x2  
  95  12:49  Zergling x6  
  95  12:50  Evolution Chamber  
  98  12:54  Overlord  
  98  13:00  Queen  
  101  13:05  Zergling x12  
  101  13:06  Zergling x4  
  101  13:12  Zergling x4  
  110  13:13  Zergling x6  
  112  13:21  Overlord  
  112  13:27  Zergling x12  
  112  13:31  Zerg Ground Armor Level 1  
  112  13:32  Hive  
  115  13:44  Zerg Melee Weapons Level 2  
  115  13:47  Drone x9  
  123  13:50  Drone x3  
  123  13:54  Baneling Nest  
  123  13:55  Overlord  
  125  13:58  Zergling x4  
  125  14:00  Drone  
  128  14:05  Zergling x8  
  131  14:13  Drone x2  
  131  14:14  Drone  
  131  14:15  Drone  
  131  14:16  Spore Crawler  
  134  14:18  Zergling x12  
  140  14:25  Hatchery  
  140  14:27  Queen  
  140  14:30  Queen  
  143  14:35  Spire  
  143  14:38  Queen  
  139  14:46  Drone x6  
  139  14:47  Drone  
  139  14:51  Queen  
  144  14:57  Overlord x3  
  144  14:58  Overlord x2  
  144  15:01  Adrenal Glands  
  144  15:08  Queen  
  144  15:10  Drone x4  
  144  15:11  Queen  
  142  15:15  Queen  
  142  15:20  Drone x3  
  142  15:21  Drone  
  142  15:25  Zergling x10  
  146  15:34  Spore Crawler  
  140  15:43  Corruptor x4  
  138  15:50  Corruptor x2  
  138  15:54  Corruptor  
  120  16:05  Corruptor  
  120  16:10  Corruptor  
  118  16:14  Hatchery  
  118  16:17  Extractor x2  
  114  16:25  Zergling x38  
  133  16:26  Overseer  
  134  16:40  Zergling x14  
  140  16:48  Pneumatized Carapace  
  140  16:49  Overseer  
  140  16:50  Zergling x2  
  140  16:51  Zergling x10  
  146  16:58  Drone, Ultralisk Cavern  
  146  16:59  Drone  
  146  17:00  Hatchery, Drone x2  
  146  17:01  Extractor x2  
  147  17:03  Drone x3  
  147  17:04  Drone  
  147  17:05  Drone  
  147  17:06  Drone  
  151  17:09  Zerg Flyer Weapons Level 1  
  151  17:16  Zergling x6  
  154  17:23  Centrifugal Hooks  
  146  17:31  Drone x6  
  146  17:32  Drone x2  
  146  17:36  Zergling x14  
  161  17:44  Drone  
  161  17:45  Extractor  
  161  17:46  Chitinous Plating  
  161  17:47  Ultralisk  
  167  17:52  Spore Crawler  
  165  18:00  Ultralisk  
  168  18:07  Overlord x3, Extractor x2  
  168  18:11  Overlord  
  172  18:13  Ultralisk  
  172  18:15  Overlord  
  172  18:19  Drone x5  
  177  18:20  Drone  
  177  18:33  Corruptor x2  
  176  18:37  Extractor  
  176  18:39  Extractor  
  176  18:40  Corruptor  
  176  18:46  Spine Crawler  
  176  18:47  Drone x3  
Show
View Real Time Build Order
Export as new Build Order

LiquidMaNa Protoss 

Build Orders:  

Get SALT Encoding   

  12  0:00  Probe  
  13  0:12  Probe  
  14  0:19  Pylon  
  14  0:24  Probe  
  15  0:33  Probe  
  15  0:39  Forge  
  15  0:41  Probe  
  17  0:51  Pylon  
  18  1:09  Gateway  
  17  1:12  Pylon  
  17  1:17  Photon Cannon  
  17  1:23  Probe  
  18  1:30  Photon Cannon  
  18  1:35  Probe  
  18  1:36  Assimilator  
  19  1:47  Probe  
  20  1:59  Probe  
  20  2:01  Zealot, Cybernetics Core  
  22  2:13  Probe, Gateway  
  23  2:25  Probe  
  23  2:26  Stalker  
  23  2:29  Assimilator  
  26  2:37  Probe  
  26  2:43  Warp Gate  
  27  2:49  Shield Battery  
  27  2:53  Stalker  
  29  3:00  Pylon  
  29  3:09  Adept  
  29  3:12  Stalker, Pylon  
  33  3:36  Stalker  
  33  3:37  Shield Battery  
  35  3:45  Stalker  
  35  3:58  Shield Battery  
  35  4:01  Photon Cannon  
  33  4:10  Shield Battery  
  33  4:20  Pylon  
  33  4:28  Pylon  
  33  4:31  Stalker  
  35  4:35  Photon Cannon  
  34  4:53  Shield Battery  
  34  4:55  Stalker  
  35  5:02  Shield Battery  
  35  5:07  Photon Cannon  
  35  5:11  Stalker  
  33  5:26  Gateway  
  29  5:36  Stalker  
  29  5:57  Shield Battery  
  29  5:59  Stalker  
  31  6:07  Shield Battery  
  29  6:13  Probe  
  29  6:15  Shield Battery  
  28  6:20  Stalker x2  
  28  6:24  Pylon  
  32  6:34  Pylon  
  32  6:38  Stalker  
  34  6:44  Pylon  
  30  6:59  Pylon  
  30  7:04  Stargate  
  30  7:10  Shield Battery  
  30  7:19  Stalker  
  32  7:32  Stalker  
  32  7:42  Photon Cannon, Stalker  
  34  7:53  Oracle  
  34  7:58  Stalker  
  39  8:06  Stalker  
  39  8:14  Pylon  
  39  8:38  Oracle  
  40  8:58  Nexus  
  40  9:19  Pylon  
  40  9:33  Shield Battery  
  40  9:46  Pylon  
  40  9:58  Twilight Council  
  40  10:04  Probe, Oracle  
  44  10:14  Probe  
  44  10:16  Gateway  
  46  10:21  Probe  
  46  10:26  Blink, Probe  
  47  10:33  Probe  
  48  10:42  Probe  
  49  10:45  Probe  
  48  10:54  Probe  
  49  10:57  Protoss Ground Weapons Level 1, Probe  
  49  11:00  Gateway  
  49  11:03  Oracle  
  53  11:06  Probe  
  53  11:09  Probe  
  55  11:14  Stalker  
  58  11:20  Pylon  
  57  11:35  Nexus  
  57  11:39  Stalker  
  52  11:43  Probe x2  
  54  11:55  Probe x2  
  54  11:56  Stalker  
  54  11:58  Oracle  
  61  12:07  Probe x2  
  63  12:19  Probe x2, Fleet Beacon  
  63  12:20  Assimilator  
  65  12:23  Assimilator  
  65  12:29  Pylon  
  65  12:32  Pylon  
  65  12:39  Probe x2  
  65  12:43  Photon Cannon  
  67  12:46  Probe  
  67  12:51  Probe x2  
  70  12:55  Stargate  
  70  12:56  Tempest  
  70  12:59  Probe  
  70  13:03  Probe  
  72  13:11  Probe x2  
  76  13:15  Probe  
  76  13:23  Probe x2  
  78  13:27  Probe  
  78  13:32  Tempest  
  79  13:35  Stalker  
  79  13:37  Tempest  
  79  13:39  Stalker  
  88  13:44  Probe  
  88  13:47  Probe  
  88  13:48  Probe, Assimilator  
  94  13:51  Assimilator  
  94  13:57  Pylon  
  94  14:04  Pylon, Tempest  
  94  14:12  Tempest  
  102  14:24  Stalker x2  
  106  14:37  Shield Battery  
  106  14:54  Stalker x2  
  106  14:57  Photon Cannon  
  106  14:58  Shield Battery  
  110  15:08  Carrier  
  107  15:18  Pylon x2  
  113  15:21  Stalker x2  
  113  15:26  Carrier  
  117  15:38  Gateway, Templar Archives  
  123  15:48  Stalker  
  125  15:53  Probe  
  116  16:00  Probe  
  105  16:08  Tempest  
  105  16:09  Stalker  
  105  16:11  Probe x2  
  102  16:15  Gateway  
  102  16:17  Gateway  
  102  16:30  Carrier  
  100  16:33  High Templar x2  
  100  16:34  Zealot  
  100  16:39  Archon  
  106  16:46  Psionic Storm  
  98  16:57  Nexus, Probe x2  
  99  17:05  High Templar  
  101  17:10  High Templar x3  
  107  17:17  High Templar  
  109  17:23  Photon Cannon, Shield Battery  
  109  17:41  Zealot  
  111  17:45  High Templar x2, Zealot  
  111  17:49  Archon  
  117  17:55  Photon Cannon, Nexus  
  117  17:57  Pylon  
  117  18:10  Photon Cannon  
  117  18:13  Pylon  
  117  18:14  Photon Cannon  
  117  18:16  High Templar x2  
  117  18:17  Zealot x2  
  125  18:22  Archon, Photon Cannon  
  124  18:33  Photon Cannon x2  
  120  18:46  Pylon  
  120  18:48  Pylon  
  120  18:53  Gateway  
  120  19:05  High Templar x3  
  120  19:07  Zealot x2  
Tags
 
Add a new tag
Caveats
  • Supply blocks, unpowered buildings, or Contaminate may cause inaccurate times.
  • Supply counts are checked every 10 seconds.